Map: Dusk Towers

Players

Farciarz

  • Race: Terran Terran

Hanuman - Winner!

  • Race: Zerg Zerg

VOD

Have the link to the VOD?

Description

Time

  • Played on: Feb. 3, 2016, 2:08 p.m.
  • Length: 7:37
Show
View Real Time Build Order
Export as new Build Order

Farciarz Terran 

Build Orders:  

Get SALT Encoding   

  12  0:02  SCV  
  13  0:13  Supply Depot  
  13  0:17  SCV  
  14  0:37  SCV, Barracks  
  15  0:47  Refinery  
  15  0:49  SCV  
  16  0:58  Supply Depot  
  16  1:05  SCV  
  17  1:18  Barracks  
  17  1:24  Barracks  
  17  1:27  SCV  
  17  1:31  Marine  
  19  1:45  SCV  
  20  1:49  Marine  
  21  1:57  SCV  
  22  2:05  Marine  
  22  2:06  Supply Depot  
  23  2:10  Marine  
  23  2:12  Marine  
  25  2:17  Factory  
  25  2:23  Marine  
  25  2:27  SCV  
  25  2:28  Marine  
  25  2:29  Marine  
  28  2:34  Supply Depot  
  29  2:41  Marine  
  30  2:46  Marine  
  30  2:47  Marine  
  30  3:05  Factory Reactor  
  30  3:10  Factory  
  30  3:19  Refinery, SCV  
  31  3:23  Supply Depot  
  31  3:24  Barracks Reactor  
  31  3:25  Marine  
  32  3:27  Marine  
  33  3:39  Orbital Command  
  33  3:46  Hellion x2  
  37  3:54  Supply Depot  
  37  3:56  Factory Reactor  
  32  4:10  Marine  
  32  4:12  Marine  
  32  4:15  Marine  
  35  4:19  Marine  
  34  4:35  Hellion  
  34  4:36  Hellion  
  34  4:37  Marine x2  
  34  4:38  Marine  
  37  4:39  Marine  
  37  4:44  Hellion  
  40  4:47  Hellion  
  42  5:11  Hellion x2  
  42  5:12  Hellion x2  
  42  5:14  Marine x2  
  52  5:21  Marine x2  
  54  5:31  Marine  
  54  5:32  Hellion  
  54  5:33  Hellion  
  48  6:09  Widow Mine x2  
  43  6:13  Barracks Tech Lab  
  43  6:14  Barracks Tech Lab  
  43  6:15  Marine x2  
  45  6:19  Hellion x2  
  45  6:22  SCV  
  50  6:39  Hellion x2  
  54  6:40  Hellion  
  38  6:56  Hellion  
  38  6:58  Marine  
  38  7:00  Hellion x2  
  34  7:17  Marine x2  
Show
View Real Time Build Order
Export as new Build Order

Hanuman Zerg - Winner!

Build Orders: Hatch First 

Get SALT Encoding   

  12  0:01  Drone  
  13  0:12  Overlord  
  13  0:20  Drone  
  14  0:30  Drone  
  15  0:37  Drone  
  15  0:38  Drone  
  17  1:00  Drone, Hatchery  
  17  1:03  Extractor  
  16  1:18  Drone  
  16  1:19  Drone  
  16  1:24  Spawning Pool  
  17  1:27  Drone  
  17  1:30  Drone  
  19  1:40  Overlord  
  19  1:51  Drone  
  20  2:01  Drone  
  21  2:11  Queen x2  
  25  2:19  Zergling x4  
  27  2:25  Extractor  
  27  2:28  Zergling x4  
  28  2:32  Metabolic Boost  
  28  2:40  Zergling x4  
  30  2:51  Baneling Nest  
  29  2:53  Zergling x2  
  29  2:54  Zergling x2  
  31  3:12  Drone x3  
  34  3:13  Drone  
  35  3:25  Drone x2  
  35  3:26  Drone  
  35  3:33  Zergling x4  
  35  3:34  Zergling x2  
  36  3:35  Overlord x2  
  36  3:40  Baneling x2  
  36  3:44  Baneling x2  
  36  3:53  Zergling x4  
  36  3:54  Zergling x4  
  36  3:55  Zergling x4  
  42  3:56  Zergling x2  
  42  4:06  Zergling x2  
  42  4:07  Zergling x4  
  43  4:18  Overlord x2  
  43  4:19  Overlord  
  40  4:36  Zergling x6, Roach Warren  
  42  4:43  Drone x3  
  45  4:48  Drone x2  
  45  4:52  Extractor  
  46  4:54  Extractor  
  45  5:13  Hatchery  
  44  5:17  Roach x3  
  50  5:26  Roach x3  
  56  5:34  Roach x2  
  60  5:36  Roach  
  53  5:57  Zergling x2  
  53  5:58  Zergling x12  
  56  6:09  Zergling x10  
  57  6:14  Drone x2  
  59  6:25  Queen  
  59  6:32  Drone x4  
  62  6:51  Zergling x8, Roach  
  62  6:52  Zergling x2, Roach x2  
  66  7:01  Queen  
  63  7:14  Zergling x16  
Tags
 
Add a new tag
Caveats
  • Supply blocks, unpowered buildings, or Contaminate may cause inaccurate times.
  • Supply counts are checked every 10 seconds.